 Dungeon Crawl Stone Soup version 0.23-a0-650-ga4d50d4d25 (webtiles) character file.

389 Morenatsu the Cudgeler (level 6, -3/72 HPs)
             Began as a Demonspawn Berserker on Jan 3, 2019.
             Was an Elder of Trog.
             Slain by a mummy (11 damage)
             ... in an ossuary.
             The game lasted 00:05:13 (2719 turns).

Morenatsu the Cudgeler (Demonspawn Berserker)       Turns: 2719, Time: 00:05:13

Health: -3/72      AC: 23    Str: 19    XL:     6   Next: 49%
Magic:  6/6        EV:  2    Int:  8    God:    Trog [****..]
Gold:   227        SH:  0    Dex: 13    Spells: 5/5 levels left

rFire    . . .     SeeInvis .   a - +1 mace
rCold    . . .     Gourm    .   (no shield)
rNeg     + + +     Faith    +   (armour currently unavailable)
rPois    +         Spirit   .   (helmet currently unavailable)
rElec    .         Reflect  .   (cloak currently unavailable)
rCorr    .         Harm     .   (gloves currently unavailable)
MR       .....     NoTele   +   (boots unavailable)
Stlth    +.........             j - amulet of faith
HPRegen  0.22/turn              (no ring)
MPRegen  0.10/turn              (no ring)

@: tree-form
A: rugged brown scales 1
a: Berserk, Trog's Hand, Brothers in Arms, Renounce Religion


You were in an ossuary.
You worshipped Trog.
Trog was greatly pleased with you.
You were not hungry.
You were a tree.
You visited 1 branch of the dungeon, and saw 4 of its levels.
You also visited: Ossuary.

You collected 227 gold pieces.

Inventory:

Hand Weapons
 a - a +1 mace (weapon)
 n - a +0 club
Armour
 e - a +0 cloak (melded)
 f - a +0 chain mail (melded)
Jewellery
 j - an amulet of faith (around neck)
Wands
 l - a wand of flame (23)
Scrolls
 g - a scroll of identify
 h - a scroll of teleportation
 i - a scroll of random uselessness {unknown}
 p - 2 scrolls of magic mapping
Potions
 b - a potion of agility
 k - a potion of invisibility
 m - a potion of might
 o - a potion of flight {unknown}
Comestibles
 c - 10 rations


   Skills:
 - Level 3.0 Fighting
 + Level 6.8 Maces & Flails
 - Level 1.7 Armour
 - Level 1.7 Dodging


You had 5 spell levels left.
You didn't know any spells.
Your spell library was empty.

Dungeon Overview and Level Annotations

Branches:
Dungeon (4/15)
 Temple: D:4-7

Altars:
Gozag
Nemelex Xobeh
Okawaru
Trog


Innate Abilities, Weirdness & Mutations

((You have hooves in place of feet.))
(You are partially covered in rugged brown scales. (AC +1, +3% HP))


Message History

The mummy is almost destroyed.
The kobold zombie hits you but does no damage.
The mummy hits you!
* * * LOW HITPOINT WARNING * * *
You're still recovering from your berserk rage.
You hit the mummy but do no damage.
The mummy is almost destroyed.
The kobold zombie hits you but does no damage.
You turn into a tree.
Your +0 cloak melds into your body.
Your +0 chain mail melds into your body.
Your roots penetrate the ground.
The mummy hits you but does no damage.
The kobold zombie hits you but does no damage.
You barely miss the mummy.
The mummy is almost destroyed.
You recover from your berserk rage.
The kobold zombie completely misses you.
You hit the mummy but do no damage.
The mummy is almost destroyed.
The mummy hits you!
You die...

#..'.#....#
#..###....#....#....#....
#..#.#....#....#....#...
#..#.#.........#........ ..#
#..'.####......#......#### #..#
#..###...................# #..#
#..#.'...................# +..#
#..#.#........ZM?........# #..#
#..'.#.......!!♣!?.......+ #..#
#..########..?$∩$!..########..#
#..#.'.......?!$!?.......#.'..#
#..#.#........!??........'.#..#
#..'.#...................#.#..#
#..###..............'....###..#
#..#.####......#......####.'..#
#..#.#.........#.........'.#..#
#..'.'....#....#....#....#.#..#


You could see a mummy and a kobold zombie.

Vanquished Creatures
  2 centaur zombies (Ossuary)
  A hound (D:3)
  An orc priest (D:4)
  An orc wizard (D:4)
  An ogre zombie (Ossuary)
  5 mummies (Ossuary)
  A gnoll (D:1)
  3 adders
  An ooze (D:3)
  3 adder zombies (Ossuary)
  2 dart slugs (D:1)
  4 leopard geckos
  7 orcs
  2 giant cockroaches
  2 gnoll zombies (Ossuary)
  8 goblins
  9 hobgoblins
  3 jackals (D:2)
  11 kobolds
  2 quokkas (D:3)
  8 bats
  5 frilled lizards
  5 goblin zombies (Ossuary)
  2 hobgoblin zombies (Ossuary)
  3 kobold zombies (Ossuary)
  2 quokka zombies (Ossuary)
  5 rats
  A rat zombie (Ossuary)
100 creatures vanquished.

Notes
Turn   | Place    | Note
-------+----------+-------------------------------------------
     0 | D:1      | Morenatsu the Demonspawn Berserker began the quest for the
                  | Orb.
     0 | D:1      | Reached XP level 1. HP: 18/18 MP: 1/1
    25 | D:1      | Reached skill level 3 in Maces & Flails
    25 | D:1      | Gained mutation: You have large cloven feet. [demonic
                  | ancestry]
    25 | D:1      | Reached XP level 2. HP: 24/24 MP: 2/2
   415 | D:1      | Gained mutation: You have hoof-like feet. [demonic
                  | ancestry]
   415 | D:1      | Reached XP level 3. HP: 29/29 MP: 3/3
   533 | D:1      | Reached ** piety under Trog
   564 | D:1      | Reached skill level 4 in Maces & Flails
   949 | D:2      | Found a bloodstained altar of Trog.
   976 | D:2      | Gained mutation: You have hooves in place of feet. [demonic
                  | ancestry]
   976 | D:2      | Reached XP level 4. HP: 35/35 MP: 4/4
  1066 | D:2      | Found an opulent altar of Gozag.
  1502 | D:3      | Found a sparkling altar of Nemelex Xobeh.
  1559 | D:3      | Reached skill level 5 in Maces & Flails
  1884 | D:3      | Reached XP level 5. HP: 41/41 MP: 5/5
  1892 | D:3      | Reached *** piety under Trog
  2037 | D:3      | Found an iron altar of Okawaru.
  2444 | D:4      | Found a sand-covered staircase.
  2458 | Ossuary  | Entered an ossuary
  2475 | Ossuary  | Reached skill level 6 in Maces & Flails
  2568 | Ossuary  | Gained mutation: You are partially covered in rugged brown
                  | scales. (AC +1, +3% HP) [demonic ancestry]
  2568 | Ossuary  | Reached XP level 6. HP: 38/48 MP: 6/6
  2682 | Ossuary  | Reached **** piety under Trog
  2719 | Ossuary  | Slain by a mummy

Vault maps used:
D:1:      nicolae_arrival_memento_mori, st_stairs_1, minmay_heptomino_w4
D:2:      nicolae_gozag_cash_rules_everything_around_me, lemuel_doored_altar,
          first_ration
D:3:      old_standard_altar, okawaru_ov_weapons_minmay
D:4:      enter_ossuary_3, uniq_sigmund
Ossuary:  ossuary_boxes_badplayer

Skill      XL: |  1  2  3  4  5 |
---------------+----------------+-----
Maces & Flails | 3 4 5 6 |  6.8
Fighting       | |  3.0
Armour         | |  1.7
Dodging        | |  1.7

Action                   |  1- 3 |  4- 6 || total
-------------------------+-------+-------++-------
Melee: Mace              |    84 |   165 ||   249
       Kick              |    18 |    58 ||    76
Invok: Berserk           |     1 |     2 ||     3
  Use: Scroll            |     6 |     4 ||    10
       Potion            |       |     1 ||     1
  Eat: Chunk             |     1 |     6 ||     7
       Ration            |       |     1 ||     1
Armor: Animal skin       |     3 |       ||     3
       Chain mail        |    59 |    85 ||   144
       Skin              |       |     2 ||     2
Dodge: Dodged            |    52 |    42 ||    94

Table legend:
 A = Non-vault XP
 B = Vault XP
 C = Vault XP percentage of total XP
 D = Non-vault monster count
 E = Vault monster count
 F = Vault count percentage of total count
                 A         B        C        D         E       F
            +---------+---------+-------+---------+---------+-------
      Total |     288 |     268 |  48.2 |      66 |      34 |  34.0
            +---------+---------+-------+---------+---------+-------
        D:1 |      46 |      23 |  33.3 |      26 |       8 |  23.5
        D:2 |      37 |       0 |   0.0 |      14 |       0 |   0.0
        D:3 |     115 |       0 |   0.0 |      21 |       0 |   0.0
        D:4 |      90 |       0 |   0.0 |       5 |       0 |   0.0
    Ossuary |       0 |     245 | 100.0 |       0 |      26 | 100.0
            +---------+---------+-------+---------+---------+-------
